| TOP OF THE 1ST |
|
Oakland Oaks batting - Pitching for Roswell Invaders : RHP Sam Lewis
|
|
Pitching: RHP Sam Lewis
|
|
|
Batting: RHB Chris Bohm
|
0-0: Ball 1-0: Fly out, F7 (Line Drive, 7LM, EV 98.1 MPH)
|
|
Batting: RHB Scott Lister
|
0-0: Called Strike 0-1: Ball 1-1: Swinging Strike 1-2: Ball 2-2: Ball 3-2: Foul Ball, location: 2F 3-2: Base on Balls
|
|
Batting: RHB Walt Alaniz
|
0-0: Ball Scott Lister steals 2nd base 1-0: SINGLE (Line Drive, 7S, EV 107.5 MPH) Scott Lister to third Runner from 3rd tries for Home, throw by LF and OUT! 7-2
|
|
Batting: LHB Felipe Gomez
|
0-0: Ball 1-0: Ball 2-0: Called Strike 2-1: Called Strike 2-2: Fly out, F4 (Line Drive, 4, EV 71.2 MPH)
|
| Top of the 1st over - 0 runs, 1 hit, 0 errors, 1 left on base; Oakland 0 - Roswell 0 |
| BOTTOM OF THE 1ST |
|
Roswell Invaders batting - Pitching for Oakland Oaks : LHP Cory Yeary
|
|
Pitching: LHP Cory Yeary
|
|
|
Batting: RHB Chris Jones
|
0-0: Ball 1-0: DOUBLE (Flyball, 78XD, EV 106.2 MPH)
|
|
Batting: RHB Hector Tabares
|
0-0: Ball 1-0: Called Strike 1-1: Called Strike 1-2: Foul Ball, location: 2F 1-2: Ground out 5-3 (Groundball, 56, EV 101.2 MPH)
|
|
Batting: LHB Nelson Pelico
|
0-0: SINGLE (Groundball, 3D, EV 110.0 MPH) Chris Jones to third
|
|
Batting: RHB Cesar Rendon
|
0-0: Ball 1-0: Swinging Strike 1-1: Swinging Strike 1-2: Ball 2-2: Ball 3-2: Strikes out looking
|
|
Batting: RHB Jimmy McIntosh
|
0-0: Foul Ball, location: 2F 0-1: Called Strike 0-2: Strikes out looking
|
| Bottom of the 1st over - 0 runs, 2 hits, 0 errors, 2 left on base; Oakland 0 - Roswell 0 |
| TOP OF THE 2ND |
|
Oakland Oaks batting - Pitching for Roswell Invaders : RHP Sam Lewis
|
|
Batting: RHB Chris Temple
|
0-0: Foul Ball, location: 2F 0-1: Called Strike 0-2: Ball 1-2: Ball 2-2: Strikes out swinging
|
|
Batting: LHB Ed Talamantes
|
0-0: Called Strike 0-1: Ball 1-1: Ball 2-1: Foul Ball, location: 2F 2-2: Ball 3-2: Base on Balls
|
|
Batting: RHB Don Burt
|
0-0: Called Strike 0-1: Ball 1-1: Ball 2-1: Swinging Strike 2-2: Foul Ball, location: 2F 2-2: Ball 3-2: SINGLE (Line Drive, 78S, EV 100.0 MPH) Ed Talamantes to second
|
|
Batting: RHB Travis Robinson
|
0-0: Fly out, F8 (Flyball, 8RXD, EV 100.0 MPH) Runner from 2nd tags up, SAFE at 3rd, no throw by CF
|
|
Batting: SHB Steve Salafia
|
0-0: Ball 1-0: Called Strike 1-1: DOUBLE (Line Drive, 9LM, EV 113.8 MPH) Ed Talamantes scores Don Burt to third Runner from 3rd tries for Home, SAFE, throw by RF to home
|
|
Batting: RHB Chris Bohm
|
0-0: Called Strike 0-1: Called Strike 0-2: Foul Ball, location: 2F 0-2: Ground out 3-1 (Groundball, 34, EV 105.6 MPH)
|
| Top of the 2nd over - 2 runs, 2 hits, 0 errors, 1 left on base; Oakland 2 - Roswell 0 |
| BOTTOM OF THE 2ND |
|
Roswell Invaders batting - Pitching for Oakland Oaks : LHP Cory Yeary
|
|
Batting: LHB Falco van Koeveringe
|
0-0: Swinging Strike 0-1: Ball 1-1: Swinging Strike 1-2: Ball 2-2: Foul Ball, location: 2F 2-2: Foul Ball, location: 2F 2-2: Ground out 6-3 (Groundball, 6M, EV 101.9 MPH)
|
|
Batting: RHB John Ricketts
|
0-0: Called Strike 0-1: Swinging Strike 0-2: Strikes out looking
|
|
Batting: LHB Angelo Lira
|
0-0: Foul Ball, location: 2F 0-1: Ground out 4-3 (Groundball, 4, EV 76.2 MPH)
|
| Bottom of the 2nd over - 0 runs, 0 hits, 0 errors, 0 left on base; Oakland 2 - Roswell 0 |
| TOP OF THE 3RD |
|
Oakland Oaks batting - Pitching for Roswell Invaders : RHP Sam Lewis
|
|
Batting: RHB Scott Lister
|
0-0: Called Strike 0-1: Ball 1-1: Ball 2-1: Swinging Strike 2-2: Ball 3-2: Ground out 5-3 (Groundball, 15, EV 84.4 MPH)
|
|
Batting: RHB Walt Alaniz
|
0-0: Swinging Strike 0-1: Ball 1-1: Ball 2-1: Ball 3-1: Foul Ball, location: 2F 3-2: Foul Ball, location: 2F 3-2: Base on Balls
|
|
Batting: LHB Felipe Gomez
|
0-0: Grounds into double play, 5-4-3 (Groundball, 5, EV 88.1 MPH)
|
| Top of the 3rd over - 0 runs, 0 hits, 0 errors, 0 left on base; Oakland 2 - Roswell 0 |
| BOTTOM OF THE 3RD |
|
Roswell Invaders batting - Pitching for Oakland Oaks : LHP Cory Yeary
|
|
Batting: RHB Devon House
|
0-0: Ball 1-0: Fly out, F9 (Flyball, 9D, EV 89.4 MPH)
|
|
Batting: RHB Chris Jones
|
0-0: Swinging Strike 0-1: Called Strike 0-2: Foul Ball, location: 2F 0-2: Foul Ball, location: 2F 0-2: Strikes out swinging
|
|
Batting: RHB Hector Tabares
|
0-0: Ball 1-0: Foul Ball, location: 2F 1-1: Ground out 6-3 (Groundball, 6, EV 90.0 MPH)
|
| Bottom of the 3rd over - 0 runs, 0 hits, 0 errors, 0 left on base; Oakland 2 - Roswell 0 |
| TOP OF THE 4TH |
|
Oakland Oaks batting - Pitching for Roswell Invaders : RHP Sam Lewis
|
|
Batting: RHB Chris Temple
|
0-0: Called Strike 0-1: Ball 1-1: Foul Ball, location: 2F 1-2: Ball 2-2: Fly out, F9 (Flyball, 9D, EV 89.4 MPH)
|
|
Batting: LHB Ed Talamantes
|
0-0: Ball 1-0: SINGLE (Line Drive, 89S, EV 91.2 MPH)
|
|
Batting: RHB Don Burt
|
0-0: Foul Ball, location: 2F 0-1: Ball 1-1: Called Strike 1-2: Ball 2-2: SINGLE (Line Drive, 4D, EV 95.0 MPH) Ed Talamantes to second
|
|
Batting: RHB Travis Robinson
|
0-0: Called Strike 0-1: Ball 1-1: Ball 2-1: Fly out, F4 (Popup, 34D, EV 62.5 MPH)
|
|
Batting: SHB Steve Salafia
|
0-0: Called Strike 0-1: SINGLE (Line Drive, 9S, EV 95.6 MPH) Ed Talamantes to third Don Burt to second Runner from 3rd tries for Home, SAFE, throw by RF to home
|
|
Batting: RHB Chris Bohm
|
0-0: Ball 1-0: Ball 2-0: Ball 3-0: Base on Balls Don Burt to third Steve Salafia to second
|
|
Batting: RHB Scott Lister
|
0-0: Ball 1-0: Ball 2-0: Called Strike 2-1: Called Strike 2-2: Ball 3-2: Base on Balls Don Burt scores Steve Salafia to third Chris Bohm to second
|
|
Batting: RHB Walt Alaniz
|
0-0: Ball 1-0: SINGLE (Line Drive, 56D, EV 99.4 MPH) Steve Salafia scores Chris Bohm to third Scott Lister to second Runner from 3rd tries for Home, throw by LF and OUT! 7-2
|
| Top of the 4th over - 3 runs, 4 hits, 0 errors, 2 left on base; Oakland 5 - Roswell 0 |
| BOTTOM OF THE 4TH |
|
Roswell Invaders batting - Pitching for Oakland Oaks : LHP Cory Yeary
|
|
Batting: LHB Nelson Pelico
|
0-0: Ball 1-0: Ball 2-0: Ball 3-0: Called Strike 3-1: SOLO HOME RUN (Flyball, 9LD, EV 89.4 MPH), Distance : 336 ft
|
|
Batting: RHB Cesar Rendon
|
0-0: Ball 1-0: Ball 2-0: Ball 3-0: Base on Balls
|
|
Batting: RHB Jimmy McIntosh
|
0-0: Swinging Strike 0-1: Called Strike 0-2: Ball 1-2: Ball 2-2: Foul Ball, location: 2F 2-2: Strikes out looking
|
|
Batting: LHB Falco van Koeveringe
|
0-0: Foul Ball, location: 2F 0-1: Foul Ball, location: 2F 0-2: Hit by Pitch Cesar Rendon to second
|
|
Batting: RHB John Ricketts
|
0-0: Ball 1-0: Foul Ball, location: 2F 1-1: Ball 2-1: Swinging Strike 2-2: Foul Ball, location: 2F 2-2: Fielders Choice at 2nd, 3-6 (Groundball, 3, EV 107.5 MPH) Cesar Rendon to third
|
|
Batting: LHB Angelo Lira
|
0-0: Called Strike 0-1: Hit by Pitch John Ricketts to second
|
|
Batting: RHB Devon House
|
0-0: Fly out, F9 (Line Drive, 89S, EV 100.0 MPH)
|
| Bottom of the 4th over - 1 run, 1 hit, 0 errors, 3 left on base; Oakland 5 - Roswell 1 |
| TOP OF THE 5TH |
|
Oakland Oaks batting - Pitching for Roswell Invaders : RHP Sam Lewis
|
|
Batting: LHB Felipe Gomez
|
0-0: Ball 1-0: Called Strike 1-1: Ball 2-1: Ball 3-1: Base on Balls
|
|
Batting: RHB Chris Temple
|
0-0: Ball Felipe Gomez steals 2nd base 1-0: Ball 2-0: Ball 3-0: Called Strike 3-1: Swinging Strike 3-2: DOUBLE (Flyball, 78D, EV 95.6 MPH) Felipe Gomez scores
|
|
Pitching: LHP Ricky Ramirez
|
|
|
Batting: LHB Ed Talamantes
|
0-0: Swinging Strike 0-1: Foul Ball, location: 2F 0-2: Fly out, F4 (Line Drive, 4, EV 73.8 MPH) Lined into DP, 4-6 (Line Drive, 4, EV 65.6 MPH)
|
|
Batting: RHB Don Burt
|
0-0: Called Strike 0-1: SINGLE (Flyball, 8RS, EV 86.9 MPH)
|
|
Batting: RHB Travis Robinson
|
0-0: Ball 1-0: Called Strike Don Burt is caught stealing 2nd base 2-4
|
| Top of the 5th over - 1 run, 2 hits, 0 errors, 0 left on base; Oakland 6 - Roswell 1 |
| BOTTOM OF THE 5TH |
|
Roswell Invaders batting - Pitching for Oakland Oaks : LHP Cory Yeary
|
|
Batting: RHB Chris Jones
|
0-0: Hit by Pitch
|
|
Batting: RHB Hector Tabares
|
0-0: Ball 1-0: Ball 2-0: Called Strike 2-1: Called Strike 2-2: Foul Ball, location: 2F 2-2: Strikes out swinging
|
|
Batting: LHB Nelson Pelico
|
0-0: Called Strike 0-1: Ball 1-1: Called Strike 1-2: Ball 2-2: Ball 3-2: Foul Ball, location: 2F 3-2: SINGLE (Groundball, 34D, EV 98.1 MPH) Chris Jones to second Runner from 2nd tries for 3rd, SAFE, throw by RF made to third Nelson Pelico to second
|
|
Pitching: RHP Kyle Rasor
|
|
|
Batting: RHB Cesar Rendon
|
0-0: DOUBLE (Line Drive, 78D, EV 103.1 MPH) Chris Jones scores Nelson Pelico scores
|
|
Batting: RHB Jimmy McIntosh
|
0-0: Ball 1-0: Called Strike 1-1: SINGLE (Groundball, 34D, EV 105.0 MPH) Cesar Rendon to third Runner from 3rd tries for Home, throw by RF and OUT! 9-2
|
|
Batting: LHB Falco van Koeveringe
|
0-0: Ball 1-0: Ball 2-0: Ball 3-0: Called Strike 3-1: Swinging Strike 3-2: Foul Ball, location: 2F 3-2: Strikes out swinging
|
| Bottom of the 5th over - 2 runs, 3 hits, 0 errors, 1 left on base; Oakland 6 - Roswell 3 |
| TOP OF THE 6TH |
|
Oakland Oaks batting - Pitching for Roswell Invaders : LHP Ricky Ramirez
|
|
Batting: RHB Travis Robinson
|
0-0: Foul Ball, location: 2F 0-1: Ball 1-1: Ball 2-1: Ball 3-1: Foul Ball, location: 2F 3-2: Base on Balls
|
|
Batting: SHB Steve Salafia
|
0-0: Ball 1-0: Fielders Choice at 2nd, 1-6 (Groundball, 13, EV 68.1 MPH)
|
|
Batting: RHB Chris Bohm
|
0-0: Called Strike 0-1: Fly out, F8 (Flyball, 8LM, EV 84.4 MPH)
|
|
Batting: RHB Scott Lister
|
0-0: Foul Ball, location: 2F 0-1: SINGLE (Groundball, 6MD, EV 99.4 MPH) Steve Salafia to second
|
|
Batting: RHB Walt Alaniz
|
0-0: Called Strike 0-1: Ball 1-1: Swinging Strike 1-2: Strikes out swinging
|
| Top of the 6th over - 0 runs, 1 hit, 0 errors, 2 left on base; Oakland 6 - Roswell 3 |
| BOTTOM OF THE 6TH |
|
Roswell Invaders batting - Pitching for Oakland Oaks : RHP Kyle Rasor
|
|
Batting: RHB John Ricketts
|
0-0: Called Strike 0-1: Ball 1-1: Foul Ball, location: 2F 1-2: Strikes out swinging
|
|
Batting: LHB Angelo Lira
|
0-0: Foul Ball, location: 2F 0-1: Swinging Strike 0-2: Ball 1-2: Strikes out swinging, 2-3 out at first.
|
|
Batting: RHB Devon House
|
0-0: Swinging Strike 0-1: Foul Ball, location: 2F 0-2: Foul Ball, location: 2F 0-2: Foul Ball, location: 2F 0-2: Strikes out swinging, 2-3 out at first.
|
| Bottom of the 6th over - 0 runs, 0 hits, 0 errors, 0 left on base; Oakland 6 - Roswell 3 |
| TOP OF THE 7TH |
|
Oakland Oaks batting - Pitching for Roswell Invaders : LHP Ricky Ramirez
|
|
Batting: LHB Felipe Gomez
|
0-0: Foul Ball, location: 2F 0-1: Ball 1-1: Swinging Strike 1-2: Ball 2-2: Foul Ball, location: 2F 2-2: SINGLE (Flyball, 78S, EV 91.9 MPH)
|
|
Batting: RHB Chris Temple
|
0-0: Ball 1-0: Ball Felipe Gomez steals 2nd base 2-0: Intentional Walk
|
|
Batting: LHB Ed Talamantes
|
0-0: Called Strike 0-1: Ball 1-1: Ball 2-1: Ball 3-1: Called Strike 3-2: Strikes out swinging
|
|
Batting: RHB Don Burt
|
0-0: Foul Ball, location: 2F 0-1: Ball 1-1: Fly out, F4 (Popup, 13, EV 76.2 MPH)
|
|
Batting: RHB Travis Robinson
|
0-0: Ball 1-0: Called Strike 1-1: Swinging Strike 1-2: Strikes out looking
|
| Top of the 7th over - 0 runs, 1 hit, 0 errors, 2 left on base; Oakland 6 - Roswell 3 |
| BOTTOM OF THE 7TH |
|
Roswell Invaders batting - Pitching for Oakland Oaks : RHP Kyle Rasor
|
|
Batting: RHB Chris Jones
|
0-0: Ball 1-0: Ball 2-0: Called Strike 2-1: Swinging Strike 2-2: Ball 3-2: Base on Balls
|
|
Batting: RHB Hector Tabares
|
0-0: Fielders Choice at 2nd, 4-6 (Groundball, 4S, EV 86.2 MPH)
|
|
Batting: LHB Nelson Pelico
|
0-0: Called Strike 0-1: 2-RUN HOME RUN (Flyball, 9D, EV 98.8 MPH), Distance : 379 ft
|
|
Batting: RHB Cesar Rendon
|
0-0: Ball 1-0: Called Strike 1-1: Fly out, F7 (Flyball, 7D, EV 85.0 MPH)
|
|
Batting: RHB Jimmy McIntosh
|
0-0: Called Strike 0-1: Ball 1-1: Ball 2-1: Foul Ball, location: 2F 2-2: Strikes out looking
|
| Bottom of the 7th over - 2 runs, 1 hit, 0 errors, 0 left on base; Oakland 6 - Roswell 5 |
| TOP OF THE 8TH |
|
Oakland Oaks batting - Pitching for Roswell Invaders : LHP Ricky Ramirez
|
|
Batting: SHB Steve Salafia
|
0-0: Ball 1-0: Ball 2-0: Foul Ball, location: 2F 2-1: Ground out 6-3 (Groundball, 56, EV 101.2 MPH)
|
|
Batting: RHB Chris Bohm
|
0-0: Ball 1-0: Foul Ball, location: 2F 1-1: Ball 2-1: Ball 3-1: Called Strike 3-2: Foul Ball, location: 2F 3-2: Strikes out looking
|
|
Pitching: LHP Bobby Manning
|
|
|
Batting: RHB Scott Lister
|
0-0: Foul Ball, location: 2F 0-1: Ball 1-1: Foul Ball, location: 2F 1-2: Ball 2-2: Ball 3-2: Base on Balls
|
|
Batting: RHB Walt Alaniz
|
0-0: Ball Scott Lister is caught stealing 2nd base 2-4
|
| Top of the 8th over - 0 runs, 0 hits, 0 errors, 0 left on base; Oakland 6 - Roswell 5 |
| BOTTOM OF THE 8TH |
|
Roswell Invaders batting - Pitching for Oakland Oaks : RHP Kyle Rasor
|
|
Batting: LHB Falco van Koeveringe
|
0-0: Called Strike 0-1: Swinging Strike 0-2: Ball 1-2: Strikes out swinging
|
|
Batting: LHB Danny Salas
|
0-0: Foul Ball, location: 2F 0-1: Ball 1-1: Foul Ball, location: 2F 1-2: Strikes out swinging
|
|
Batting: LHB Angelo Lira
|
0-0: Foul Ball, location: 2F 0-1: Ball 1-1: Fly out, F3 (Popup, 3L, EV 61.9 MPH)
|
| Bottom of the 8th over - 0 runs, 0 hits, 0 errors, 0 left on base; Oakland 6 - Roswell 5 |
| TOP OF THE 9TH |
|
Oakland Oaks batting - Pitching for Roswell Invaders : LHP Bobby Manning
|
|
Pitching: LHP Sam Davis
|
|
|
Batting: RHB Walt Alaniz
|
0-0: Fly out, F8 (Flyball, 8RM, EV 93.1 MPH)
|
|
Batting: LHB Felipe Gomez
|
0-0: Called Strike 0-1: Ball 1-1: Swinging Strike 1-2: Strikes out swinging
|
|
Batting: RHB Chris Temple
|
0-0: Ball 1-0: Called Strike 1-1: SINGLE (Groundball, 6D, EV 101.2 MPH)
|
|
Batting: LHB Ed Talamantes
|
0-0: Foul Ball, location: 2F 0-1: Foul Ball, location: 2F 0-2: Ball 1-2: Ball 2-2: 2-RUN HOME RUN (Flyball, 9D, EV 96.9 MPH), Distance : 388 ft
|
|
Batting: RHB Don Burt
|
0-0: Ball 1-0: Swinging Strike 1-1: Swinging Strike 1-2: Strikes out looking
|
| Top of the 9th over - 2 runs, 2 hits, 0 errors, 0 left on base; Oakland 8 - Roswell 5 |
| BOTTOM OF THE 9TH |
|
Roswell Invaders batting - Pitching for Oakland Oaks : RHP Kyle Rasor
|
|
Pitching: LHP Jason Hahn
|
|
|
Now at 1B: Jason Dove
|
|
|
Pinch Hitting: RHB David Powell
|
0-0: Called Strike 0-1: Foul Ball, location: 2F 0-2: Ball 1-2: Foul Ball, location: 2F 1-2: Ball 2-2: SINGLE (Line Drive, 4D, EV 95.6 MPH)
|
|
Batting: RHB Chris Jones
|
0-0: Ball 1-0: SINGLE (Groundball, 34D, EV 106.2 MPH) David Powell to second
|
|
Batting: RHB Hector Tabares
|
0-0: Ball 1-0: Called Strike 1-1: Ball 2-1: Ball 3-1: Foul Ball, location: 2F 3-2: Foul Ball, location: 2F 3-2: Fly out, F9 (Flyball, 89M, EV 91.2 MPH)
|
|
Batting: LHB Nelson Pelico
|
0-0: SINGLE (Line Drive, 4D, EV 101.2 MPH) David Powell to third Chris Jones to second
|
|
Batting: RHB Cesar Rendon
|
0-0: SINGLE (Line Drive, 8LS, EV 93.1 MPH) David Powell scores Chris Jones to third Nelson Pelico to second
|
|
Batting: RHB Jimmy McIntosh
|
0-0: Grounds into double play, U3-6 (Groundball, 3L, EV 88.1 MPH)
|
| Bottom of the 9th over - 1 run, 4 hits, 0 errors, 2 left on base; Oakland 8 - Roswell 6 |
|